[Event "CZE-ch U14 Open 2023"]
[Site "Teplice"]
[Date "2023.03.14"]
[Round "5.3"]
[White "Stary, Vojtech"]
[Black "Martirosyan, David"]
[Result "0-1"]
[ECO "C42"]
[WhiteElo "1814"]
[BlackElo "1975"]
[Annotator "TA"]
[PlyCount "148"]
[EventDate "2023.03.09"]
[EventType "swiss"]
[EventCountry "CZE"]
[SourceTitle "playchess.com"]
[Source "ChessBase"]
[SourceQuality "1"]
[TimeControl "40/5400+30:1800+30"]

1. e4 e5 2. Nf3 Nf6 3. Nxe5 d6 4. Nd3 Nxe4 5. Qe2 Qe7 6. Nf4 {[%emt 0:00:10] And now Nd5 would win. C42: Petroff Defence: 3 Nxe5 and unusual White 3rd moves.} c6 {[%emt 0:01:37] Prevents Nd5 Recently 6...Nc6 got a lot of attention.} 7. f3 Nf6 8. d4 {[%emt 0:00:44] The position is equal.} Bf5 {[%emt 0:03:15] [#]} 9. c3 $146 ({Predecessor:} 9. c4 h5 10. Nc3 Na6 11. Kf2 Nb4 12. Qd1 O-O-O 13. Nd3 d5 14. c5 Nxd3+ 15. Bxd3 {1-0 Carlsen,M (2859)-Rapport,R (2740) Tata Steel-A 85th 2023 (7)}) 9... Nbd7 10. Qxe7+ Bxe7 11. Bd3 Bxd3 12. Nxd3 O-O 13. O-O Rfe8 14. Re1 Bf8 15. Be3 Nd5 16. Kf2 Nxe3 17. Rxe3 Rxe3 18. Kxe3 Re8+ 19. Kf2 c5 20. dxc5 dxc5 21. Nd2 Nb6 22. c4 g6 23. b3 Bg7 24. Rd1 Bd4+ 25. Kf1 f5 {[%emt 0:01:02] Repels Ne4} 26. Re1 Rd8 27. Nb1 Kf7 28. Na3 a6 {[%emt 0:05:59] Against Nb5} 29. Nc2 Bc3 30. Rd1 Kf6 (30... Rd6 $11 {deserves consideration.}) 31. Ke2 (31. Ne3 $5 ) 31... Rc8 {[%emt 0:15:24] [#]} 32. Nxc5 $1 Rxc5 33. Rd6+ Ke5 (33... Kf7 $11) 34. Rxb6 $16 {[%emt 0:00:16][%mdl 4096] Endgame KRB-KRN} Rc7 35. Ne3 (35. g3 $16 {Threatening mate with f4+.} f4 36. Kd3) 35... Ba5 {[%emt 0:04:45] [#]} 36. f4+ $1 {[%emt 0:01:12][%mdl 64] Decoy} Kxf4 37. Nd5+ (37. Re6 $14 Kg5 38. g3) 37... Ke5 $11 38. Nxc7 ({White should try} 38. Rf6 $11) 38... Bxb6 {[%emt 0:00:08] KB-KN} 39. Nd5 Bd4 40. Kd3 g5 (40... Bg1 $17 41. h3 g5) 41. b4 ({Better is} 41. Nf6 $1 $11) 41... g4 42. h3 gxh3 (42... Bf2 $5 ) 43. gxh3 Bf2 44. a4 (44. Nc7 $11) 44... f4 45. b5 $2 (45. Ke2 $17 Bh4 46. Nc7) 45... axb5 $19 46. axb5 f3 47. Nc3 b6 {[%emt 0:00:00] Hoping for ...Kf4.} 48. Ne4 Bd4 (48... Bg1 $1 $17 {aiming for ...h5.} 49. h4 Kf4) 49. Nd2 f2 50. Nf1 (50. Ke2 $11) 50... Bc5 $1 51. Nh2 $2 (51. h4 $17) 51... Kf4 52. Nf1 Kf3 53. Nd2+ Kg2 54. Ke2 Kxh3 $2 (54... h5 {mates} 55. h4 Be7 56. Nf1 Bxh4 57. Ne3+ Kg1 58. c5 Bd8 59. Nf1 bxc5 60. Nh2 Kg2 61. Nf1 h4 62. Ne3+ Kg1 63. Nf1 h3 64. Ng3 Kg2 65. Nf1 h2 66. Nxh2 Bb6 67. Nf1 c4 68. Nd2 c3 69. Nf1 c2 70. Nd2 c1=Q 71. Kd3 Kh3 72. Ke2 Qc3 73. Kd1 Be3 74. Ke2 Qxd2+ 75. Kf3 f1=Q+ 76. Ke4 Qf4#) 55. Kf1 $11 Kg4 {[%emt 0:01:56] Strongly threatening ...Be3.} 56. Ne4 {[%emt 0:00:15][%cal Oe4c5] Nxc5! is the strong threat.} Bd4 (56... Be3 $5 57. Nxf2+ Kf4 58. Nd3+ Ke4 $15) 57. Nxf2+ (57. c5 $1 $11 {was the only way to keep the balance.}) 57... Kf3 $1 $17 58. Nd3 {[%emt 0:01:03][%cal Oc4c5] [#]} h5 $2 ({Black should play} 58... Ke3 $1 $17 59. Nb4 Bc5) 59. Ne1+ {[%emt 0:00:42][%mdl 8192] [#]} (59. c5 $11 h4 60. c6) 59... Kg3 $1 $19 60. Nc2 Bc5 (60... Bf2 $142 61. Nb4 h4 62. Nd3 Be3 63. Ke2 Bd4 64. Ne1 h3 65. Nf3 Bg1 66. Nd2 Kg2 67. Nf3 h2 68. Nxh2 Kxh2 69. Kf3 Kh3 70. Kf4 Kg2 71. c5 Bxc5 72. Ke4 Bg1 73. Ke5 Kf3 74. Kd5 Ke3 75. Kc4 Ke4 76. Kc3 Kd5 77. Kb4 Kd4 78. Ka3 Kc5 79. Ka4 Bd4 80. Ka3 Kxb5 81. Kb3 Kc5 82. Kc2 b5 83. Kd3 b4 84. Kc2 Kc4 85. Kd2 b3 86. Kd1 b2 87. Kc2 Be5 88. Kd1 Kd3 89. Ke1 Ke3 90. Kf1 b1=Q+ 91. Kg2 Qe1 92. Kh3 Qg3#) 61. Ne1 h4 62. Nd3 Bd4 {[%emt 0:00:28] ( -> ...h3)} 63. c5 h3 {[%emt 0:00:58] Black mates.} (63... Bxc5 64. Nxc5 Kh2 65. Nd7 Kh1 66. Ne5 (66. Nxb6 h3 $11) 66... Kh2 67. Kf2 Kh3 68. Nd7) 64. Nc1 Bxc5 65. Ne2+ Kf3 66. Ng1+ Bxg1 67. Kxg1 {[%emt 0:00:03] KPP-KP} Ke4 68. Kh2 Kd5 69. Kxh3 {[%emt 0:00:08] KP-KP} Kc5 70. Kg3 Kxb5 71. Kf2 Kc4 72. Ke1 Kc3 73. Kd1 Kb2 74. Kd2 b5 {[%emt 0:00:04] Weighted Error Value: White=0.61/Black=0.40} 0-1

[Event "CZE-ch U14 Open 2023"]
[Site "Teplice"]
[Date "2023.03.14"]
[Round "5.4"]
[White "Ocelak, David"]
[Black "Krautschneider, Daniel Jan"]
[Result "1-0"]
[ECO "B31"]
[WhiteElo "1608"]
[BlackElo "1679"]
[Annotator "NA RC COMBH"]
[PlyCount "65"]
[EventDate "2023.03.09"]
[EventType "swiss"]
[EventCountry "CZE"]
[SourceTitle "playchess.com"]
[Source "ChessBase"]
[SourceQuality "1"]
[TimeControl "40/5400+30:1800+30"]

1. e4 c5 2. Nf3 Nc6 3. Bb5 g6 4. O-O Bg7 5. Re1 Nf6 6. c3 d5 7. e5 Ng4 8. d4 O-O 9. h3 Nh6 10. Bd2 Qb6 11. Bxc6 bxc6 12. Qc1 Nf5 13. g4 Nxd4 14. cxd4 cxd4 15. Na3 c5 16. Bh6 Ba6 17. Bxg7 Kxg7 18. Qd2 Rac8 19. Rac1 h6 20. h4 d3 21. b3 c4 22. bxc4 dxc4 23. Rc3 Rfd8 24. e6 f6 25. g5 hxg5 26. hxg5 f5 27. Qf4 Rd5 28. Nxc4 Qb4 29. Rec1 Rcd8 30. Qd2 Rh8 31. Rb3 Qa4 32. Qc3+ Kh7 33. Kg2 1-0

[Event "CZE-ch U14 Open 2023"]
[Site "Teplice"]
[Date "2023.03.14"]
[Round "5.5"]
[White "Jasso, Matej"]
[Black "Andrle, Filip"]
[Result "1-0"]
[ECO "B56"]
[WhiteElo "1934"]
[BlackElo "1721"]
[Annotator "TA"]
[PlyCount "47"]
[EventDate "2023.03.09"]
[EventType "swiss"]
[EventCountry "CZE"]
[SourceTitle "playchess.com"]
[Source "ChessBase"]
[SourceQuality "1"]
[TimeControl "40/5400+30:1800+30"]

1. e4 c5 2. Nf3 Nc6 3. d4 cxd4 4. Nxd4 Nf6 5. Nc3 d6 6. f3 e5 7. Nb3 Be6 8. Be3 Be7 9. Qe2 {[%emt 0:01:52] B56: Classical Sicilian: Unusual Lines.} a6 {[%emt 0:06:35] [#]} 10. g4 $146 ({White should try} 10. O-O-O $14) ({Predecessor:} 10. O-O-O O-O 11. Kb1 b5 12. Qd2 Qc8 13. Nd5 Bd8 14. c4 a5 15. Nxf6+ Bxf6 16. cxb5 Nb4 17. Nc1 d5 18. a3 d4 19. axb4 axb4 20. Qxb4 dxe3 {0-1 Demchenko,A (2583)-Korobov,A (2713) Moscow Aeroflot op-A 15th 2016 (6)}) 10... h6 (10... d5 $1 $15 11. exd5 Nxd5) 11. O-O-O $14 {[%emt 0:01:58] White is slightly better.} Rc8 12. Nc5 (12. h4 $16) 12... Qc7 (12... Nd7 $11 13. Nxd7 (13. Nxb7 $2 Qc7 $17) 13... Qxd7) 13. Nxe6 $16 fxe6 14. h4 b5 15. Bh3 {[%emt 0:02:52] g5 is the strong threat.} Nd7 16. g5 {[%emt 0:05:08] White is more active.} Nc5 {[%emt 0:04:09] [#] This costs Black the game.} (16... Nd4 $16 17. Bxd4 exd4) 17. gxh6 $18 gxh6 (17... Rxh6 18. Bxh6 gxh6) 18. f4 Bf6 $2 (18... Nd4 19. Qh5+ (19. Bxd4 exd4 20. Rxd4 Bf6 $16) 19... Kd7 20. fxe5 {[%mdl 64] Remove Defender} dxe5 21. Bxd4 exd4 22. Rxd4+ Kc6 23. Bxe6 Bg5+ 24. hxg5 Nxe6) 19. Bxc5 dxc5 20. Bxe6 h5 {[%emt 0:08:32] Black is weak on the light squares} 21. Nd5 Qd8 22. Qg2 {[%emt 0:01:08] [#] Qg6+ would kill now.} Rc7 23. Nxc7+ Qxc7 24. Qg6+ {[%emt 0:00:05] Weighted Error Value: White=0.48/Black=1.22} 1-0

[Event "CZE-ch U14 Open 2023"]
[Site "Teplice"]
[Date "2023.03.14"]
[Round "5.6"]
[White "Topencik, Bruno"]
[Black "Srba, Daniel"]
[Result "1-0"]
[ECO "B20"]
[WhiteElo "1844"]
[BlackElo "1509"]
[Annotator "NA RC COMBH"]
[PlyCount "62"]
[EventDate "2023.03.09"]
[EventType "swiss"]
[EventCountry "CZE"]
[SourceTitle "playchess.com"]
[Source "ChessBase"]
[SourceQuality "1"]
[TimeControl "40/5400+30:1800+30"]

1. e4 c5 2. Be2 g6 3. f4 Nc6 4. Nf3 Bg7 5. O-O d6 6. c3 Nf6 7. d3 O-O 8. Na3 Bd7 9. Qe1 Rc8 10. Qh4 Bg4 11. h3 Bxf3 12. Rxf3 e5 13. Nc4 b5 14. fxe5 dxe5 15. Na3 b4 16. Nc4 Nd7 17. Bg5 f6 18. Bd2 Nb6 19. Ne3 a5 20. Raf1 Rc7 21. Ng4 g5 22. Qf2 Nd7 23. Bd1 h5 24. Ne3 Nb6 25. Bb3+ Kh8 26. Bd5 Ne7 27. c4 Rd7 28. Qe2 Rd6 29. R3f2 Bh6 30. Qxh5 Kg7 31. Ng4 Nc6 1-0

[Event "CZE-ch U14 Open 2023"]
[Site "Teplice"]
[Date "2023.03.14"]
[Round "5.7"]
[White "Popov, Roman"]
[Black "Babula, Matej"]
[Result "1/2-1/2"]
[ECO "A40"]
[WhiteElo "2353"]
[BlackElo "1796"]
[Annotator "TA"]
[PlyCount "75"]
[EventDate "2023.03.09"]
[EventType "swiss"]
[EventCountry "CZE"]
[SourceTitle "playchess.com"]
[Source "ChessBase"]
[SourceQuality "1"]
[TimeControl "40/5400+30:1800+30"]

1. d4 Nf6 2. c4 e6 3. g3 d5 4. Nf3 Bb4+ 5. Bd2 a5 6. Qc2 O-O 7. Bg2 c5 {[%emt 0:01:01] E11: Bogo-Indian.} 8. cxd5 cxd4 9. Nxd4 Qb6 10. Nf3 (10. e3 $5 ) 10... Nxd5 11. O-O Nc6 {[%emt 0:11:56] [#]} 12. Nc3 $146 (12. e4 $16 Nf6 13. Be3 (13. e5 Nd5 $14)) ({Predecessor:} 12. e4 Nde7 13. Be3 Qa6 14. Rd1 Ng6 15. Bf1 b5 16. Nc3 Bxc3 17. Qxc3 Qb7 18. Qc5 Nb4 19. Nd4 Bd7 20. Nxb5 Na6 21. Qb6 {1-0 Staniszewski,P (2446)-Grycel,K (2290) POL-chT 1st League 2003 (7)}) 12... Bxc3 (12... h6 $11) 13. Bxc3 ({Better is} 13. bxc3 $16 Qc7 14. Rab1) 13... Nxc3 $11 14. Qxc3 Bd7 15. Rfd1 Rfd8 16. Ne5 Nxe5 17. Qxe5 Bc6 18. Bxc6 bxc6 19. Rac1 Rd5 20. Qc3 Rad8 21. Rxd5 cxd5 $14 {[%emt 0:00:26][%mdl 4096] Endgame KQR-KQR} 22. e3 h6 {[%emt 0:01:49] The position is equal.} 23. b3 d4 24. exd4 Rxd4 25. Qc5 Rd1+ {[%emt 0:01:36][%mdl 64] [#] Deflection} 26. Kg2 $1 Qb7+ 27. Qc6 Qxc6+ 28. Rxc6 $11 {[%emt 0:00:02] KR-KR} Rd2 29. a4 Rb2 30. Rc8+ Kh7 31. Ra8 Rxb3 32. Rxa5 Ra3 33. Ra7 Kg6 34. a5 Kf6 35. a6 g6 36. h4 h5 37. Ra8 Ke5 38. Kg1 {[%emt 0:05:25] Weighted Error Value: White=0.12 (very precise) /Black=0.14 (very precise)} ({Of course not} 38. a7 Ke4 39. Rb8 Rxa7 40. Rb4+ Kd5 $17) 1/2-1/2

[Event "CZE-ch U14 Open 2023"]
[Site "Teplice"]
[Date "2023.03.14"]
[Round "5.8"]
[White "Zrubek, Dan"]
[Black "Vlcek, Vojtech"]
[Result "1-0"]
[ECO "B56"]
[WhiteElo "1752"]
[BlackElo "1671"]
[Annotator "NA RC COMBH"]
[PlyCount "59"]
[EventDate "2023.03.09"]
[EventType "swiss"]
[EventCountry "CZE"]
[SourceTitle "playchess.com"]
[Source "ChessBase"]
[SourceQuality "1"]
[TimeControl "40/5400+30:1800+30"]

1. e4 c5 2. Nf3 d6 3. d4 cxd4 4. Nxd4 Nf6 5. Nc3 Nc6 6. Be3 e5 7. Ndb5 a6 8. Na3 b5 9. Nd5 Nxd5 10. Qxd5 Qc7 11. Qd2 Be6 12. Nb1 Be7 13. Nc3 O-O 14. Be2 Rfd8 15. Nd5 Bxd5 16. exd5 Nb8 17. Rc1 f5 18. f4 e4 19. b3 Nd7 20. O-O Qb7 21. c4 b4 22. Kh1 Nf6 23. Bd4 g6 24. g4 Kf7 25. Rg1 Rg8 26. gxf5 gxf5 27. Rg5 Rxg5 28. fxg5 Nd7 29. Qf4 Kg6 30. Qh4 1-0

[Event "CZE-ch U14 Open 2023"]
[Site "Teplice"]
[Date "2023.03.14"]
[Round "5.9"]
[White "Soucek, Andrej"]
[Black "Roubal, Matyas"]
[Result "0-1"]
[ECO "A16"]
[WhiteElo "1679"]
[BlackElo "1948"]
[Annotator "TA"]
[PlyCount "64"]
[EventDate "2023.03.09"]
[EventType "swiss"]
[EventCountry "CZE"]
[SourceTitle "playchess.com"]
[Source "ChessBase"]
[SourceQuality "1"]
[TimeControl "40/5400+30:1800+30"]

1. c4 Nf6 2. Nc3 g6 3. g3 Bg7 4. Bg2 O-O 5. e4 d6 6. Nge2 e5 7. O-O Nfd7 8. f4 f5 9. d3 Nc6 10. Be3 Nf6 11. h3 Be6 {[%emt 0:02:33] A26: English Opening vs King's Indian with ...Nc6 and d3.} 12. Kh2 (12. Nd5 $11) 12... Qd7 (12... fxe4 $15 13. Nxe4 Nxe4 14. Bxe4 Qd7) 13. Rc1 {[%emt 0:05:55] [#]} Rad8 $146 (13... fxe4 $11 14. Nxe4 Nxe4 15. dxe4 a5) ({Predecessor:} 13... h6 14. Qd2 Kh7 15. a3 a5 16. b3 Rae8 17. Qc2 Ng8 18. Bg1 Nge7 19. Nb5 Nd8 {0-1 Encina,A (1801)-Perez,H (2154) PAR-ch sf Asuncion 2019 (4)}) 14. Qd2 b6 15. Nd5 Ne7 16. b4 c6 (16... Rf7 $14) 17. Nxe7+ $16 Qxe7 18. c5 $2 (18. exf5 $16 Bd7 19. fxe5 dxe5 20. fxg6) 18... dxc5 $1 $15 19. fxe5 Nxe4 {[%emt 0:00:37] Black is more active.} 20. Bxe4 {[%emt 0:02:58] White does not recover from this.} (20. Qc2 $15 Nxg3 21. Nxg3) 20... fxe4 $19 21. Bg5 {[%emt 0:01:17] White is weak on the light squares} Rxd3 22. Qxd3 exd3 (22... Qxg5 23. Rxf8+ Bxf8 24. Qxe4 $15) 23. Bxe7 {[%emt 0:00:10] [#] Nf4 is the strong threat.} Rxf1 (23... dxe2 24. Rxf8+ Bxf8 25. Bxf8 Kxf8 26. bxc5 $11) 24. Rxf1 {[%emt 0:00:17] Strongly threatening Nf4.} dxe2 {[%emt 0:00:03][%mdl 4096] Endgame KRB-KB} 25. Re1 Bc4 ({Weaker is} 25... Bxa2 26. Rxe2 Bc4 27. Rc2 $17) 26. Bd6 (26. bxc5 Bxe5 27. cxb6 axb6 28. Kg2) 26... Bh6 {[%emt 0:02:13] [#] Threatens to win with ...Bd2.} ({Stronger than} 26... Bxa2 27. Rxe2 Be6 28. bxc5 $15) 27. Kg2 Bd2 ({Not} 27... Bxa2 28. Rxe2 Bc4 29. Rf2 $17) 28. Kf2 Bxe1+ 29. Kxe1 cxb4 30. Bxb4 Kf7 31. Kf2 $2 (31. a3 {only move.}) 31... Ke6 32. Bc3 c5 {[%emt 0:00:57] Weighted Error Value: White=0.70/Black=0.32} 0-1

[Event "CZE-ch U14 Open 2023"]
[Site "Teplice"]
[Date "2023.03.14"]
[Round "5.10"]
[White "Veverka, Vladimir"]
[Black "Hobza, Richard"]
[Result "1/2-1/2"]
[ECO "D35"]
[WhiteElo "1735"]
[BlackElo "1702"]
[Annotator "NA RC COMBH"]
[PlyCount "71"]
[EventDate "2023.03.09"]
[EventType "swiss"]
[EventCountry "CZE"]
[SourceTitle "playchess.com"]
[Source "ChessBase"]
[SourceQuality "1"]
[TimeControl "40/5400+30:1800+30"]

1. d4 d5 2. c4 e6 3. Nc3 Nf6 4. cxd5 exd5 5. Bg5 Nbd7 6. e3 c6 7. Qc2 Be7 8. Bd3 h6 9. Bf4 Nb6 10. Nf3 O-O 11. O-O Bd6 12. Bxd6 Qxd6 13. Rab1 Bg4 14. Ne5 Nbd7 15. h3 Nxe5 16. dxe5 Qxe5 17. hxg4 Nxg4 18. g3 Qh5 19. Rfe1 Qh2+ 20. Kf1 Rae8 21. Bf5 Ne5 22. f4 Qh1+ 23. Kf2 Ng4+ 24. Ke2 Rxe3+ 25. Kd2 Qg2+ 26. Ne2 d4 27. Bxg4 Rfe8 28. Qc5 d3 29. Qxe3 Rxe3 30. Kxe3 dxe2 31. Rxe2 Qxg3+ 32. Bf3 g5 33. fxg5 hxg5 34. Rg2 Qf4+ 35. Ke2 Qc4+ 36. Ke3 1/2-1/2

[Event "CZE-ch U14 Open 2023"]
[Site "Teplice"]
[Date "2023.03.14"]
[Round "5.11"]
[White "Tichy, Tomas"]
[Black "Dusanek, Michal"]
[Result "1/2-1/2"]
[ECO "B52"]
[WhiteElo "1810"]
[BlackElo "1624"]
[Annotator "NA RC COMBH"]
[PlyCount "75"]
[EventDate "2023.03.09"]
[EventType "swiss"]
[EventCountry "CZE"]
[SourceTitle "playchess.com"]
[Source "ChessBase"]
[SourceQuality "1"]
[TimeControl "40/5400+30:1800+30"]

1. e4 c5 2. Nf3 d6 3. Bb5+ Bd7 4. Bxd7+ Qxd7 5. O-O Nc6 6. c3 Nf6 7. d4 Nxe4 8. d5 Nb8 9. Re1 Nf6 10. Bg5 Na6 11. c4 O-O-O 12. Nc3 e5 13. a3 h6 14. Be3 Ng4 15. b4 Nxe3 16. Rxe3 b6 17. b5 Nb8 18. a4 Qb7 19. a5 Kd7 20. axb6 axb6 21. Ra2 Rc8 22. Ne2 Be7 23. Qa1 Rc7 24. Ng3 Bf6 25. Ne4 Rd8 26. Nxf6+ gxf6 27. Rea3 Ke8 28. Qc1 Qc8 29. Qxh6 Qf5 30. h3 Nd7 31. Ra8 Rcc8 32. Rxc8 Rxc8 33. Qh8+ Ke7 34. Qxc8 Qb1+ 35. Kh2 Qxa2 36. Nh4 Qxf2 37. Qh8 Qf4+ 38. Kg1 1/2-1/2

[Event "CZE-ch U14 Open 2023"]
[Site "Teplice"]
[Date "2023.03.14"]
[Round "5.12"]
[White "Macosek, Alex"]
[Black "Striz, Tadeas"]
[Result "1-0"]
[ECO "A00"]
[WhiteElo "1466"]
[BlackElo "1503"]
[Annotator "NA RC COMBH"]
[PlyCount "93"]
[EventDate "2023.03.09"]
[EventType "swiss"]
[EventCountry "CZE"]
[SourceTitle "playchess.com"]
[Source "ChessBase"]
[SourceQuality "1"]
[TimeControl "40/5400+30:1800+30"]

1. g3 Nf6 2. Bg2 g6 3. d3 d5 4. Nc3 c5 5. e4 d4 6. Nce2 Nc6 7. f4 Bg7 8. Nf3 O-O 9. h3 Nd7 10. g4 e6 11. Ng3 b5 12. h4 f6 13. h5 Kf7 14. e5 Bb7 15. Ne4 Qc7 16. Nd6+ Ke7 17. hxg6 hxg6 18. Rh7 Rg8 19. Qe2 Nf8 20. f5 fxe5 21. Rxg7+ Rxg7 22. Nxb7 Qxb7 23. Nxe5 Rc8 24. Qf3 gxf5 25. Nxc6+ Rxc6 26. Qxc6 Qxc6 27. Bxc6 Rxg4 28. Kf2 e5 29. Bf3 Rg7 30. Bh6 Rh7 31. Bxf8+ Kxf8 32. Rh1 Re7 33. Rh5 f4 34. Be4 Re6 35. Rh8+ Kg7 36. Rh7+ Kf8 37. Rxa7 Rh6 38. Rh7 Ra6 39. Rb7 b4 40. Bd5 Rd6 41. Be4 Ra6 42. Rb8+ Ke7 43. Ra8 Rh6 44. Kg2 Rh5 45. Rc8 Rg5+ 46. Kf2 Rh5 47. Rxc5 1-0

[Event "CZE-ch U14 Open 2023"]
[Site "Teplice"]
[Date "2023.03.15"]
[Round "6.1"]
[White "Zelba, Lukas"]
[Black "Juhanak, Daniel"]
[Result "0-1"]
[ECO "C07"]
[WhiteElo "1912"]
[BlackElo "1952"]
[Annotator "TA"]
[PlyCount "50"]
[EventDate "2023.03.09"]
[EventType "swiss"]
[EventCountry "CZE"]
[SourceTitle "playchess.com"]
[Source "ChessBase"]
[SourceQuality "1"]
[TimeControl "40/5400+30:1800+30"]

1. e4 e6 2. d4 d5 3. Nd2 c5 4. exd5 Qxd5 5. Ngf3 cxd4 6. Bc4 Qd7 {[%emt 0:00:52] C07: French Tarrasch: 3...c5, 4 Ngf3 and 4 exd5 Qxd5.} 7. O-O Nc6 8. Nb3 Nf6 {[%emt 0:00:34] The position is equal.} 9. Nbxd4 Nxd4 10. Nxd4 {[%emt 0:00:25] [#] Threatens to win with Bb5.} a6 {[%emt 0:00:30] Prevents Bb5.} 11. Re1 b5 12. Bb3 Be7 13. Bg5 {[%emt 0:04:22] [#]} h6 $146 ({Predecessor:} 13... Bb7 14. Qd3 Rd8 15. Rad1 Nd5 16. Bxe7 Qxe7 17. Nf5 Qg5 18. h4 Qf6 19. c4 O-O 20. cxd5 exf5 {0-1 Guseinov,G (2615)-Andersen,M (2470) EU-Cup 30th Bilbao 2014 (3.5)}) 14. Bh4 O-O 15. c3 (15. Rxe6 $16 Rd8 16. Qf3) 15... Rd8 $14 16. Qe2 Bb7 {[%emt 0:06:33] [#]} (16... Qc7 $14) 17. Rad1 (17. Nxe6 $1 $16 Qc6 18. Qf1 (18. Nf4 Bc5 $16)) 17... Nd5 $11 18. Bxe7 Qxe7 19. Qe5 Qd6 20. Qxd6 Rxd6 21. f3 Rad8 22. a4 b4 23. c4 $2 (23. Ne2 $11 {and White stays safe.}) 23... Nf4 $19 24. Nb5 axb5 25. cxb5 Nd3 {[%emt 0:03:34] Weighted Error Value: White=0.39/Black=0.09 (flawless)} 0-1

[Event "CZE-ch U14 Open 2023"]
[Site "Teplice"]
[Date "2023.03.15"]
[Round "6.2"]
[White "Martirosyan, David"]
[Black "Jasso, Matej"]
[Result "0-1"]
[ECO "D38"]
[WhiteElo "1975"]
[BlackElo "1934"]
[Annotator "TA"]
[PlyCount "72"]
[EventDate "2023.03.09"]
[EventType "swiss"]
[EventCountry "CZE"]
[SourceTitle "playchess.com"]
[Source "ChessBase"]
[SourceQuality "1"]
[TimeControl "40/5400+30:1800+30"]

1. d4 d5 2. c4 e6 3. Nc3 Bb4 4. Nf3 Nf6 5. Qb3 Nc6 6. Bg5 h6 7. Bxf6 Qxf6 8. e3 dxc4 9. Bxc4 O-O 10. O-O {[%emt 0:01:01] D38: Queen's Gambit Declined: Ragozin Defence (4 Nf3 Bb4).} Qe7 {[%emt 0:06:25] [#] ...Na5 is the strong threat.} 11. Qc2 {[%emt 0:02:11] [#]} Rd8 $146 ({Predecessor:} 11... Ba5 12. Rac1 e5 13. Nd5 Qd6 14. b4 Nxb4 15. dxe5 Qxd5 16. Bxd5 Nxc2 17. Rxc2 c6 {1-0 Gostisa,L (2422)-Janzelj,T (2440) Ljubljana-chT 71st 2018 (4.1)}) 12. a3 {[%emt 0:01:22] White is slightly better.} Bd6 13. b4 e5 (13... a5 $11 {remains equal.}) 14. Nd5 $16 Qe8 {[%emt 0:04:30] [#]} (14... Qf8 $16 {is a better defense.}) 15. dxe5 $2 ({White must play} 15. Nf6+ $1 $18 gxf6 16. Qg6+ Kf8 17. Qxf6) 15... Nxe5 $11 16. Nxe5 Bxe5 17. Rae1 Be6 (17... c6 {looks sharper.} 18. Nf4 Bc7 19. Nh5 Qe5) 18. e4 c6 19. Ne3 a5 {[%emt 0:02:07] Black is more active.} 20. f4 Bd4 {[%emt 0:01:48] White must now prevent ...Bxc4. This pair of bishops is nice.} 21. Kh1 axb4 22. axb4 Bxe3 23. Rxe3 Rd4 24. Rc3 (24. Be2 $15) 24... b5 (24... Qd7 $19 {...Rd2 would be deadly.} 25. Qe2 Bxc4 26. Rxc4 b5 27. Rxd4 Qxd4) 25. Bxe6 $17 Qxe6 26. Rb1 $2 (26. Rxc6 $17 Qxe4 27. h3) 26... Ra2 $19 (26... Rxe4 $2 {perishes.} 27. h3 $19) ({Stronger than} 26... Qxe4 27. Qxe4 Rxe4 28. h3 $17) 27. Qb3 Qxb3 (27... Rxe4 $2 {too greedy.} 28. Qxe6 Rxe6 29. h3 $19) 28. Rcxb3 Rxe4 {[%emt 0:00:17][%mdl 4096] Endgame KRR-KRR} 29. g3 Ree2 {[%emt 0:03:38] Dodges R1b2} 30. h4 Kh7 31. Rc3 $2 (31. f5 {might work better.}) 31... Kg6 {[%emt 0:00:28] Black is clearly winning.} 32. Rxc6+ Kf5 33. Rc7 Kg4 {[%emt 0:00:20] ( -> ...Rh2+)} 34. Rc3 Rh2+ 35. Kg1 Rag2+ 36. Kf1 Rxg3 {[%emt 0:00:14] Never resign too early!   Weighted Error Value: White=0.61/Black=0.29 (precise)} 0-1

[Event "CZE-ch U14 Open 2023"]
[Site "Teplice"]
[Date "2023.03.15"]
[Round "6.3"]
[White "Topencik, Bruno"]
[Black "Ocelak, David"]
[Result "1/2-1/2"]
[ECO "B20"]
[WhiteElo "1844"]
[BlackElo "1608"]
[Annotator "NA RC COMBH"]
[PlyCount "93"]
[EventDate "2023.03.09"]
[EventType "swiss"]
[EventCountry "CZE"]
[SourceTitle "playchess.com"]
[Source "ChessBase"]
[SourceQuality "1"]
[TimeControl "40/5400+30:1800+30"]

1. e4 c5 2. Be2 Nc6 3. f4 e6 4. Nf3 d5 5. d3 Be7 6. O-O b6 7. e5 Nh6 8. c3 O-O 9. Kh1 a5 (9... d4 $15 {is more appropriate.}) 10. Be3 Ba6 11. Bf2 b5 12. Nbd2 Qc7 13. Rg1 ({White should try} 13. a3 $11) 13... Rfb8 ({Black should play} 13... f6 $15) 14. g4 Bc8 (14... b4 $11 {is more appropriate.}) 15. g5 (15. Rc1 $14) 15... Nf5 16. Nh4 c4 (16... Nxh4 $17 17. Bxh4 b4) 17. Nxf5 exf5 18. Qf1 ({White should try} 18. Bf3 $11) 18... Be6 19. Qh3 Nd8 20. Rg3 Bd7 21. Bf3 Ne6 22. Be3 cxd3 23. Bxd5 Bc6 24. Bxc6 Qxc6+ 25. Qg2 Qxg2+ ({Black should play} 25... Qc7 $17) 26. Kxg2 Rd8 (26... b4 $15 {is more appropriate.} 27. c4 Rd8) 27. Nf3 Bc5 28. Bd2 Rd7 29. Nd4 Nxd4 30. cxd4 Rxd4 31. Be3 Rd5 32. Bxc5 Rxc5 33. Rxd3 Rc2+ 34. Kg3 Rac8 35. Rad1 Kf8 36. R1d2 Rxd2 37. Rxd2 Rc5 38. Rd8+ Ke7 39. Ra8 a4 40. Ra7+ Kf8 41. Rb7 a3 42. bxa3 Rc3+ 43. Kf2 $11 Rxa3 44. Rxb5 Rxa2+ 45. Kg3 Ra3+ 46. Kf2 Ra2+ 47. Kg3 1/2-1/2

[Event "CZE-ch U14 Open 2023"]
[Site "Teplice"]
[Date "2023.03.15"]
[Round "6.4"]
[White "Zemek, Antonin"]
[Black "Zrubek, Dan"]
[Result "1-0"]
[ECO "E62"]
[WhiteElo "1739"]
[BlackElo "1752"]
[Annotator "NA RC COMBH"]
[PlyCount "87"]
[EventDate "2023.03.09"]
[EventType "swiss"]
[EventCountry "CZE"]
[SourceTitle "playchess.com"]
[Source "ChessBase"]
[SourceQuality "1"]
[TimeControl "40/5400+30:1800+30"]

1. Nf3 g6 2. g3 Bg7 3. Bg2 Nf6 4. c4 O-O 5. Nc3 d6 6. d4 Nc6 7. O-O e5 8. d5 Ne7 9. e4 a5 10. Ne1 Nd7 11. Nd3 f5 12. f3 b6 13. b3 Nf6 14. Be3 Nh5 15. Qd2 f4 16. Bf2 g5 17. g4 Nf6 18. h4 h6 19. h5 Ba6 20. Rfc1 Qd7 21. Qd1 Rfc8 22. Bf1 Rab8 23. Nb2 Qe8 24. a3 Nd7 25. b4 axb4 26. axb4 Ra8 27. Nba4 Bf8 28. Qb3 Rcb8 29. Ra3 Kh8 30. Qa2 Nc8 31. Nxb6 Ncxb6 32. Rxa6 Qc8 33. Ra1 c6 34. Kg2 Qc7 35. Qb3 Qb7 36. R6a2 cxd5 37. exd5 Rxa2 38. Rxa2 Nf6 39. Qc2 Rc8 40. Qg6 Bg7 41. Nb5 Ra8 42. Nxd6 Qe7 43. Nf7+ Kg8 44. Nxh6+ 1-0